 Dungeon Crawl Stone Soup version 0.27.1 (webtiles) character file.

Game seed: 13135261318012050214

116 hawla the Covert (level 4, 0/27 HPs)
             Began as a Deep Elf Delver on Aug 26, 2021.
             Succumbed to an adder's poison
             ... on level 5 of the Dungeon.
             The game lasted 00:01:06 (278 turns).

hawla the Covert (Deep Elf Delver)                   Turns: 278, Time: 00:01:07

Health: 0/27       AC:  3    Str:  9    XL:     4   Next: 70%
Magic:  6/6        EV: 12    Int: 16    God:
Gold:   0          SH:  0    Dex: 16    Spells: 3/3 levels left

rFire    . . .     SeeInvis .   a - +0 short sword
rCold    . . .     Faith    .   (no shield)
rNeg     . . .     Spirit   .   b - +0 leather armour
rPois    .         Reflect  .   (no helmet)
rElec    .         Harm     .   (no cloak)
rCorr    .         Rampage  .   (no gloves)
Will     .....                  (no boots)
Stlth    ++++......             (no amulet)
HPRegen  0.09/turn              (no ring)
MPRegen  0.10/turn              (no ring)

@: lethally poisoned (0 -> -3), attractive
A: no striking features
a: no special abilities


You were on level 5 of the Dungeon.
You visited 1 branch of the dungeon, and saw 1 of its levels.

Inventory:

Hand Weapons
 a - a +0 short sword (weapon)
Armour
 b - a +0 leather armour (worn)
Wands
 g - a wand of digging (3)
Scrolls
 c - a scroll of fog
 d - 2 scrolls of magic mapping
Potions
 f - a potion of haste


   Skills:
 + Level 2.8 Fighting
 + Level 2.3 Short Blades
 + Level 2.5 Dodging
 + Level 8.0 Stealth


You had 3 spell levels left.
You didn't know any spells.
Your spell library was empty.

Dungeon Overview and Level Annotations

Branches:
Dungeon (5/15)
 Temple: D:4-7

Altars:


Message History

You feel sick.
You are no longer poisoned.
The adder bites you.
You closely miss the adder.
The adder is severely wounded.
The adder closely misses you.
You hit the adder.
The adder is almost dead.
The adder barely misses you.
You hit the adder.
The adder is almost dead.
The adder closely misses you. The adder bites you but does no damage.
You barely miss the adder.
The adder is almost dead.
The adder closely misses you.
You barely miss the adder.
The adder is almost dead.
The adder bites you but does no damage.
You barely miss the adder.
The adder is almost dead.
The adder bites you but does no damage. The adder bites you.
* * * LOW HITPOINT WARNING * * *
You are lethally poisoned!
The adder poisons you!
It was a potion of attraction.
You feel attractive to monsters.
* * * LOW HITPOINT WARNING * * *
You feel sick. The adder bites you.
* * * LOW HITPOINT WARNING * * *
You barely miss the adder.
The adder is almost dead.
* * * LOW HITPOINT WARNING * * *
You feel sick. The adder bites you but does no damage.
You barely miss the adder.
The adder is almost dead.
* * * LOW HITPOINT WARNING * * *
You feel sick. The adder misses you.
You hit the adder.
You kill the adder!
You die...

+# .# #.# ##.##
##...###########.#
#### ...(.#.....@....#
...###...##.##########
........###.##
##.###..##...#
##...........#
######..##...#
######..######
........# #######†#


There were no monsters in sight!

Vanquished Creatures
  An ogre (D:5)
  An orc wizard (D:5)
  An adder (D:5)
  A white imp (D:5)
  A dart slug (D:5)
  An orc (D:5)
  A quokka (D:5)
7 creatures vanquished.

Notes
Turn   | Place    | Note
-------+----------+-------------------------------------------
     0 | D:5      | hawla the Deep Elf Delver began the quest for the Orb.
     0 | D:5      | Reached XP level 1. HP: 13/13 MP: 3/3
    72 | D:5      | Noticed an orc wizard
    74 | D:5      | Noticed an orc priest
    75 | D:5      | Killed an orc wizard
    76 | D:5      | Reached XP level 2. HP: 18/18 MP: 4/4
   116 | D:5      | Noticed an ogre
   131 | D:5      | Killed an ogre
   132 | D:5      | Reached skill level 7 in Stealth
   132 | D:5      | Reached XP level 3. HP: 22/22 MP: 5/5
   132 | D:5      | Reached XP level 4. HP: 27/27 MP: 6/6
   137 | D:5      | Reached skill level 8 in Stealth
   277 | D:5      | HP: 1/27 [poisoned by an adder]
   278 | D:5      | Succumbed to an adder's poison

Illustrated notes

Levels and vault maps discovered:
D:5:      layout_loops_corners, temple_statues, portal_sewer_entry_c

Skill      XL: |  1  2  3  4 |
---------------+-------------+-----
Stealth        | 7 8 |  8.0
Fighting       | |  2.8
Short Blades   | |  2.3
Dodging        | |  2.5

Action                   |  1- 3 |  4- 6 || total
-------------------------+-------+-------++-------
Melee: Short sword       |     9 |    27 ||    36
  Use: Scroll            |     1 |       ||     1
       Potion            |       |     1 ||     1
 Stab: Sleeping          |     3 |     2 ||     5
Armor: Leather armour    |       |     6 ||     6
Dodge: Dodged            |     4 |    16 ||    20
